 Dungeon Crawl Stone Soup version 0.24-a0-524-gf43b32f898 (webtiles) character file.

Game seed: 6228720014547416283

334 Mithandil the Conjurer (level 6, 0/32 HPs)
             Began as a Deep Elf Conjurer on July 31, 2019.
             Succumbed to a worker ant's poison
             ... on level 4 of the Dungeon.
             The game lasted 00:26:49 (3968 turns).

Mithandil the Conjurer (Deep Elf Conjurer)          Turns: 3968, Time: 00:26:50

Health: 0/32       AC:  5    Str:  7    XL:     6   Next: 27%
Magic:  1/16       EV: 13    Int: 20    God:
Gold:   98         SH:  0    Dex: 15    Spells: 4/15 levels left

rFire    . . .     SeeInvis .   a - +1 dagger
rCold    . . .     Gourm    .   (no shield)
rNeg     + . .     Faith    .   n - +2 leather armour {rN+}
rPois    .         Spirit   .   (no helmet)
rElec    .         Reflect  .   (no cloak)
rCorr    .         Harm     .   (no gloves)
MR       .....                  (no boots)
Stlth    ++........             f - amulet of the acrobat
HPRegen  0.10/turn              (no ring)
MPRegen  0.15/turn              (no ring)

@: lethally poisoned (0 -> -7)
A: no striking features
a: no special abilities


You were on level 4 of the Dungeon.
You were not hungry.

You visited 1 branch of the dungeon, and saw 4 of its levels.

You collected 98 gold pieces.

Inventory:

Hand Weapons
 a - a +1 dagger (weapon)
Missiles
 k - 28 arrows
 t - 7 curare-tipped darts
 u - 6 javelins (quivered)
 v - 2 silver boomerangs
Armour
 e - a +0 robe
 n - a +2 leather armour of positive energy (worn)
Jewellery
 f - an amulet of the acrobat (around neck)
 s - an uncursed amulet of the gourmand
Scrolls
 h - a scroll of identify
 q - 2 scrolls of remove curse
Potions
 b - a potion of berserk rage {unknown}
 d - a potion of degeneration {unknown}
 g - a potion of brilliance {unknown}
 j - a potion of lignification {unknown}
 l - a potion of resistance {unknown}
 m - 2 potions of cancellation
 o - 3 potions of curing
 p - a potion of ambrosia {unknown}
Comestibles
 c - 6 rations
 i - 2 chunks of flesh


   Skills:
 * Level 1.1 Throwing
 + Level 3.6 Dodging
 + Level 4.0 Stealth
 * Level 5.4 Spellcasting
 * Level 5.8 Conjurations
 + Level 1.4 Translocations


You had 4 spell levels left.
You knew the following spells:

 Your Spells              Type           Power        Failure   Level  Hunger
a - Magic Dart            Conj           ####         1%          1    None
b - Searing Ray           Conj           ####..       2%          2    None
c - Force Lance           Conj/Tloc      ###.....     36%         4    ####...
d - Iskenderun's Mystic   Conj           ####....     16%         4    ####...

Your spell library contained the following spells:

 Spells                   Type           Power        Failure   Level  Hunger
 Dazzling Spray           Conj/Hex       ###...       16%         3    ##.....
 Fulminant Prism          Conj/Hex       ###.......   45%         4    ####...


Dungeon Overview and Level Annotations

Branches:
Dungeon (4/15)
 Temple: D:4-7

Altars:
Ashenzari
Nemelex Xobeh

Annotations:
D:4 Menkaure


Message History

* * * LOW HITPOINT WARNING * * *
You hit the worker ant but do no damage.
The worker ant is severely wounded.
The worker ant closely misses you. The worker ant bites you.
* * * LOW HITPOINT WARNING * * *
You closely miss the worker ant.
The worker ant is severely wounded.
The gnoll barely misses you. The worker ant bites you.
* * * LOW HITPOINT WARNING * * *
You are lethally poisoned!
The worker ant poisons you!
You barely miss the worker ant.
The worker ant is severely wounded.
* * * LOW HITPOINT WARNING * * *
You feel sick. The gnoll closely misses you.
Menkaure shouts, "You disturbed my rest!
Die!"
The worker ant closely misses you.
You hit the worker ant but do no damage.
The worker ant is severely wounded.
You die...

#####
###...##
##......#
#......#
#..@.#
#.a#####
#.g#...#
##....#
##...##
#..###
#..#
##.##
#..#


You could see a worker ant and a gnoll.

Vanquished Creatures
  Natasha (thrice) (D:4)
  13 gnolls
  2 adders
  2 oozes
  2 worms
  2 dart slugs (D:2)
  2 leopard geckos (D:1)
  6 orcs
  8 bats
  3 giant cockroaches
  8 goblins
  10 hobgoblins
  15 jackals
  5 kobolds
  4 frilled lizards
  12 rats
97 creatures vanquished.

Notes
Turn   | Place    | Note
-------+----------+-------------------------------------------
     0 | D:1      | Mithandil the Deep Elf Conjurer began the quest for the
                  | Orb.
     0 | D:1      | Reached XP level 1. HP: 10/10 MP: 6/6
   131 | D:1      | Reached XP level 2. HP: 15/15 MP: 4/8
   307 | D:1      | Learned a level 2 spell: Searing Ray
   748 | D:1      | Reached XP level 3. HP: 19/19 MP: 8/10
  1539 | D:4      | Noticed Natasha
  1624 | D:2      | Reached skill level 5 in Conjurations
  1656 | D:2      | Found a shattered altar of Ashenzari.
  1799 | D:2      | Found a sparkling altar of Nemelex Xobeh.
  2274 | D:3      | Reached XP level 4. HP: 24/24 MP: 9/12
  2378 | D:3      | Learned a level 4 spell: Force Lance
  2383 | D:3      | Learned a level 4 spell: Iskenderun's Mystic Blast
  2416 | D:4      | Killed Natasha
  2639 | D:3      | Reached XP level 5. HP: 28/28 MP: 7/13
  3225 | D:3      | Reached skill level 1 in Translocations
  3471 | D:4      | Reached skill level 5 in Spellcasting
  3836 | D:4      | Noticed Natasha
  3839 | D:4      | Killed Natasha
  3839 | D:4      | Reached XP level 6. HP: 32/32 MP: 10/15
  3898 | D:4      | Noticed Natasha
  3902 | D:4      | Killed Natasha
  3902 | D:4      | Reached skill level 1 in Throwing
  3940 | D:4      | Noticed Menkaure
  3967 | D:4      | HP: 1/32 [poisoned by a worker ant]
  3968 | D:4      | Succumbed to a worker ant's poison

Levels and vault maps discovered:
D:1:      psy_arrival_terrarium, layout_loops_ring
D:2:      layout_loops_ring, old_standard_altar, nicolae_ashenzari_panopticon
D:3:      layout_loops_ring
D:4:      cheibrodos_thug_alley, layout_cave_pods,
          nicolae_dithmenos_through_a_glass_darkly, kennysheep_generic_room_11,
          uniq_menkaure, uniq_natasha

Skill      XL: |  1  2  3  4  5  6 |
---------------+-------------------+-----
Stealth        | 3 4 |  4.0
Dodging        | 3 |  3.6
Spellcasting   | 4 5 |  5.4
Conjurations   | 5 |  5.8
Translocations | 1 |  1.4
Throwing       | 1 |  1.1

Action                   |  1- 3 |  4- 6 || total
-------------------------+-------+-------++-------
Melee: Dagger            |    14 |    32 ||    46
Throw: Javelin           |       |     2 ||     2
 Cast: Magic Dart        |    89 |    93 ||   182
       Searing Ray       |     4 |    13 ||    17
  Use: Scroll            |     7 |     7 ||    14
 Stab: Sleeping          |       |     2 ||     2
  Eat: Chunk             |     4 |     5 ||     9
Armor: Leather armour    |     1 |     5 ||     6
Dodge: Dodged            |    20 |    60 ||    80

Table legend:
 A = Non-vault XP
 B = Vault XP
 C = Vault XP percentage of total XP
 D = Non-vault monster count
 E = Vault monster count
 F = Vault count percentage of total count
                 A         B        C        D         E       F
            +---------+---------+-------+---------+---------+-------
      Total |     443 |      35 |   7.3 |      96 |       1 |   1.0
            +---------+---------+-------+---------+---------+-------
        D:1 |      42 |       0 |   0.0 |      23 |       0 |   0.0
        D:2 |      53 |       0 |   0.0 |      27 |       0 |   0.0
        D:3 |     161 |       0 |   0.0 |      34 |       0 |   0.0
        D:4 |     187 |      35 |  15.8 |      12 |       1 |   7.7
            +---------+---------+-------+---------+---------+-------
